 Dungeon Crawl Stone Soup version 0.27.1-1-g398f81649c (webtiles) character file.

Game seed: 2989433532133675389

68 shoulao the Cudgeller (level 4, -3/41 HPs)
             Began as a Minotaur Berserker on Sept 15, 2021.
             Was a Follower of Trog.
             Killed by divine providence
             ... invoked by an orc priest
              (12 damage)
             ... on level 3 of the Dungeon.
             The game lasted 00:04:38 (2313 turns).

shoulao the Cudgeller (Minotaur Berserker)          Turns: 2313, Time: 00:04:39

Health: -3/41      AC:  5    Str: 23    XL:     4   Next: 1%
Magic:  3/3        EV: 11    Int:  4    God:    Trog [*.....]
Gold:   75         SH:  0    Dex:  9    Spells: 3/3 levels left

rFire    . . .     SeeInvis .   a - +0 mace
rCold    . . .     Faith    .   (no shield)
rNeg     . . .     Spirit   .   k - +0 ring mail
rPois    .         Reflect  .   (helmet restricted)
rElec    .         Harm     .   (no cloak)
rCorr    .         Rampage  .   (no gloves)
Will     .....                  (no boots)
Stlth    ..........             (no amulet)
HPRegen  0.13/turn              (no ring)
MPRegen  0.08/turn              (no ring)

@: no status effects
A: horns 2, retaliatory headbutt
a: Renounce Religion, Berserk


You were on level 3 of the Dungeon.
You worshipped Trog.
Trog was aware of your devotion.
You visited 1 branch of the dungeon, and saw 3 of its levels.

You collected 75 gold pieces.

Inventory:

Hand Weapons
 a - a +0 mace (weapon)
 e - a +0 hunting sling
Armour
 b - a +0 animal skin
 f - a +0 leather armour
 j - a +0 robe
 k - a +0 ring mail (worn)
Jewellery
 d - a ring of willpower
Scrolls
 c - 3 scrolls of teleportation {unknown}
 i - 2 scrolls of magic mapping {unknown}


   Skills:
 + Level 4.3 Fighting
 + Level 4.7 Maces & Flails
 + Level 2.6 Armour
 + Level 3.0 Dodging
 + Level 0.2 Stealth


You had 3 spell levels left.
You didn't know any spells.
Your spell library was empty.

Dungeon Overview and Level Annotations

Branches:
Dungeon (3/15)

Altars:

Annotations:
D:3 Natasha


Innate Abilities, Weirdness & Mutations

You have a pair of horns on your head.
You reflexively headbutt those who attack you in melee.


Message History

A ball python comes into view.
The ball python hisses angrily.
A ball python is nearby!
A ball python is nearby!
A ball python is nearby!
A ball python is nearby!
You barely miss the ball python. The ball python barely misses you. x2
The ball python bites you but does no damage.
The ball python grabs you. The ball python constricts you.
You hit the ball python.
You kill the ball python!
Trog accepts your kill.
Your Dodging skill increases to level 3!
No target in view!
You see here a ball python corpse.
An orc and Natasha come into view.
Found a whip.
Natasha hisses angrily.
The orc shouts!
You hear a shout! x2
There are monsters nearby!
There are monsters nearby! 2 orcs and an orc priest come into view.
Found an escape hatch in the floor.
The orc shouts! x2; The orc priest shouts!
Natasha stares at you and mumbles some strange words.
The magic dart hits you.
An orc comes into view. It is wielding a +0 club.
You closely miss Natasha. Natasha completely misses you.
You hit Natasha. Your headbutt misses Natasha.
Natasha is lightly wounded.
Natasha claws you. x2
You closely miss Natasha.
Natasha is lightly wounded.
The orc priest calls down the wrath of Beogh upon you.
Beogh smites you! Natasha casts a spell at you. The magic dart hits you.
* * * LOW HITPOINT WARNING * * *
The orc priest mumbles some strange prayers to Beogh against you.
Beogh smites you!
You die...

#....####†##
####.# #..# ###.#
##.#### #...##
#....# ###.#..#
####.## #......#
#..# ..#+#..# ##.#
.## ##.#
######.######.. .#
.......)..@hooooo.
##
##..######.#####..
#.. #.# .. ...
.... ..... .
...... .# ....>..
..#


You could see an orc priest, Natasha and 4 orcs.

Vanquished Creatures
  Robin (D:2)
  An adder (D:2)
  2 worms (D:2)
  A dart slug (D:1)
  7 ball pythons
  2 endoplasms
  A giant cockroach (D:2)
  8 goblins (D:2)
  9 hobgoblins
  A quokka (D:2)
  2 frilled lizards (D:2)
  A kobold (D:2)
  3 rats
39 creatures vanquished.

Notes
Turn   | Place    | Note
-------+----------+-------------------------------------------
     0 | D:1      | shoulao the Minotaur Berserker began the quest for the Orb.
     0 | D:1      | Reached XP level 1. HP: 19/19 MP: 0/0
   154 | D:1      | Reached XP level 2. HP: 20/27 MP: 1/1
  1557 | D:2      | Noticed Robin
  1564 | D:2      | Reached XP level 3. HP: 33/33 MP: 2/2
  1564 | D:2      | Killed Robin
  2243 | D:3      | Reached XP level 4. HP: 38/41 MP: 3/3
  2309 | D:3      | Noticed Natasha
  2313 | D:3      | Killed from afar by an orc priest

Illustrated notes

Levels and vault maps discovered:
D:1:      lemuel_arrival_hallway, layout_loops_cross, minmay_misc_feat_diagonals
D:2:      layout_basic, serial_glass, glass_columns_c, glass_columns_b,
          uniq_robin
D:3:      cheibrodos_greedy_goblins, layout_rooms, uniq_jessica, uniq_natasha

Skill      XL: |  1  2  3  4 |
---------------+-------------+-----
Fighting       | 4 |  4.3
Maces & Flails | 4 |  4.7
Dodging        | 3 |  3.0
Armour         | |  2.6
Stealth        | |  0.2

Action                   |  1- 3 |  4- 6 || total
-------------------------+-------+-------++-------
Melee: Mace              |    61 |     5 ||    66
       Headbutt          |    14 |       ||    14
Invok: Berserk           |     1 |       ||     1
  Use: Potion            |     4 |       ||     4
Armor: Animal skin       |     1 |       ||     1
       Leather armour    |     4 |       ||     4
       Ring mail         |     3 |     1 ||     4
Dodge: Dodged            |    38 |     3 ||    41
